 Dungeon Crawl Stone Soup version 0.30.0-18-gc0e69614cb (webtiles) character file.

Game seed: 9547443433237544217

36 cheesebisquit the Caller (level 3, 0/24 HPs)
             Began as a Barachi Summoner on May 25, 2023.
             Succumbed to an adder's poison
             ... on level 2 of the Dungeon.
             The game lasted 00:08:25 (1209 turns).

cheesebisquit the Caller (Barachi Summoner)         Turns: 1209, Time: 00:08:26

Health: 0/24       AC:  2    Str:  9    XL:     3   Next: 37%
Magic:  7/7        EV: 12    Int: 17    God:
Gold:   42         SH:  0    Dex: 12    Spells: 2/8 levels left

rFire   . . .        e - +0 mace
rCold   . . .        (no shield)
rNeg    . . .        a - +0 robe
rPois   .            (no helmet)
rElec   .            (no cloak)
rCorr   .            (no gloves)
SInv    .            (no boots)
Will    .....        (no amulet)
Stlth   ++           (no ring)
HPRegen 0.24/turn    (no ring)
MPRegen 0.10/turn

%: no passive effects
@: lethally poisoned (0 -> -9), slow
A: amphibious, slowness 1, strong legs 1, +LOS
a: Hop


You were on level 2 of the Dungeon.
You visited 1 branch of the dungeon, and saw 2 of its levels.

You collected 42 gold pieces.

Inventory:

Hand Weapons
 c - a +0 club
 d - a +0 dagger
 e - a +0 mace (weapon)
 j - a +1 short sword of venom
 l - a +0 spear
Armour
 a - a +0 robe (worn)
Scrolls
 f - a scroll of amnesia {unknown}
 g - a scroll of teleportation {unknown}
 i - 2 scrolls of enchant weapon {unknown}
 k - 2 scrolls of identify {unknown}
Potions
 h - a potion of haste {unknown}


   Skills:
 - Level 2.1 Dodging
 - Level 1.7 Stealth
 + Level 3.1 Spellcasting
 + Level 5.5 Summonings


You had 2 spell levels left.
You knew the following spells:

 Your Spells              Type           Power      Damage    Failure   Level
a - Summon Small Mammal   Summ           84%        N/A       1%          1
b - Call Imp              Summ           42%        N/A       2%          2
c - Call Canine Familiar  Summ           21%        N/A       5%          3

Your spell library contained the following spells:

 Spells                   Type           Power      Damage    Failure   Level
 Summon Guardian Golem    Hex/Summ       12%        N/A       17%         3
 Summon Lightning Spire   Summ/Air       12%        N/A       50%         4


Dungeon Overview and Level Annotations

Branches:
Dungeon (2/15)

Altars:


Innate Abilities, Weirdness & Mutations

You are amphibious.
You cover ground slowly.
You can hop short distances.
You have an extended range of vision and can be seen from far away.


Message History

Your bat hits the adder but does no damage.
Your hound closely misses the adder.
The adder barely misses your cerulean imp.
Your hound bites the adder.
The adder bites you.
Your cerulean imp completely misses the adder.
The adder bites your cerulean imp.
Your bat completely misses the adder.
You feel sick.
Your bat closely misses the adder.
Your hound misses the adder. The adder bites you.
Your bat barely misses the adder.
Your cerulean imp closely misses the adder.
Your hound closely misses the adder.
The adder misses you. The adder closely misses you.
Magic courses through your body.
You feel sick.
Your hound misses the adder.
Your bat hits the adder but does no damage.
Your cerulean imp barely misses the adder.
The adder bites you but does no damage. The adder bites you.
You are lethally poisoned!
The adder poisons you!
Okay, then.
Okay, then.
* * * LOW HITPOINT WARNING * * *
You feel sick.
Your bat misses the adder. Your hound misses the adder.
The adder closely misses you.
Your cerulean imp hits the adder with a -2 spear.
The adder barely misses you.
Your hound closely misses the adder.
* * * LOW HITPOINT WARNING * * *
You feel sick.
Your bat disappears in a puff of smoke!
The adder closely misses you.
Your hound barely misses the adder.
The adder closely misses you.
Your cerulean imp hits the adder but does no damage.
The adder barely misses you.
* * * LOW HITPOINT WARNING * * *
You feel sick.
Your hound misses the adder. The adder misses you.
Your cerulean imp closely misses the adder.
Your hound barely misses the adder.
The adder barely misses you. The adder bites you.
* * * LOW HITPOINT WARNING * * *
You are more poisoned.
The adder poisons you!
You die...

.#.# ... ..###
#.#.. # ...#
####.##..#
.........###
#......hS5.#####
#.@...[..#
##.S<###....
##..# ##..#
#...# #.#.#
....# ....#
##...


You could see 2 adders, a friendly hound (summoned) and a friendly cerulean imp
(summoned).

Vanquished Creatures
  A dart slug (D:1)
  A hobgoblin (D:1)
  A ball python (D:1)
  A bat (D:1)
  2 rats (D:1)
6 creatures vanquished.

Vanquished Creatures (collateral kills)
  3 ball pythons (D:1)
  An endoplasm (D:1)
  A giant cockroach (D:1)
  4 goblins (D:1)
  4 hobgoblins
  2 quokkas (D:1)
  A bat (D:1)
  A frilled lizard (D:1)
  6 kobolds (D:1)
  4 rats (D:1)
27 creatures vanquished.

Grand Total: 33 creatures vanquished

Notes
Turn   | Place    | Note
-------+----------+-------------------------------------------
     0 | D:1      | cheesebisquit the Barachi Summoner began the quest for the
                  | Orb.
     0 | D:1      | Reached XP level 1. HP: 13/13 MP: 3/3
    78 | D:1      | Reached skill level 5 in Summonings
   137 | D:1      | Reached XP level 2. HP: 12/19 MP: 2/5
   207 | D:1      | Found a faded altar of an unknown god.
   511 | D:1      | Reached XP level 3. HP: 24/24 MP: 1/7
  1186 | D:1      | Learned a level 2 spell: Call Imp
  1190 | D:1      | Learned a level 3 spell: Call Canine Familiar
  1209 | D:2      | Succumbed to an adder's poison

Illustrated notes

Levels and vault maps discovered:
D:1:      spicycebolla_green_bress_n_ham_2, layout_basic,
          dreamdust_ecumenical_altar_statues, minivault_23
D:2:      layout_rooms, uniq_crazy_yiuf_cottage, uniq_robin, uniq_natasha

Skill      XL: |  1  2  3 |
---------------+----------+-----
Summonings     | 5 |  5.5
Spellcasting   | 3 |  3.1
Dodging        | |  2.1
Stealth        | |  1.7

Action                     || total
---------------------------++-------
  Melee: Mace              ||    35
         Club              ||     1
   Cast: Summon Small Mamm ||    46
         Call Imp          ||     1
         Call Canine Famil ||     1
    Use: Potion            ||     1
 Armour: Robe              ||    12
  Dodge: Dodged            ||    57
